 Dungeon Crawl Stone Soup version 0.29.1-12-g30fa7ad0bf (webtiles) character file.

Game seed: 2175979773150920462

23 DemonSlayer the Firebug (level 2, -2/19 HPs)
             Began as a Demonspawn Fire Elementalist on Dec 25, 2022.
             Killed from afar by Sigmund (16 damage)
             ... with a bolt of light
             ... on level 2 of the Dungeon.
             The game lasted 00:02:14 (1373 turns).

DemonSlayer the Firebug (DsFE)                      Turns: 1373, Time: 00:02:16

Health: -2/19      AC:  2    Str:  8    XL:     2   Next: 72%
Magic:  4/5        EV: 12    Int: 16    God:
Gold:   103        SH:  0    Dex: 13    Spells: 2/5 levels left

rFire   . . .      SeeInvis .   b - +0 short sword
rCold   . . .      Faith    .   (no shield)
rNeg    . . .      Spirit   .   a - +0 robe
rPois   .          Reflect  .   (no helmet)
rElec   .          Harm     .   (no cloak)
rCorr   .          Rampage  .   (no gloves)
Will    .....                   (no boots)
Stlth   +.........              (no amulet)
HPRegen 0.06/turn               (no ring)
MPRegen 0.09/turn               (no ring)

@: confused
A: claws 1
a: no special abilities


You were on level 2 of the Dungeon.
You visited 1 branch of the dungeon, and saw 2 of its levels.

You collected 103 gold pieces.

Inventory:

Hand Weapons
 b - a +0 short sword (weapon)
Armour
 a - a +0 robe (worn)
Scrolls
 d - a scroll of teleportation {unknown}
Potions
 f - a potion of brilliance {unknown}


   Skills:
 + Level 0.1 Fighting
 + Level 1.9 Dodging
 + Level 1.8 Stealth
 + Level 2.4 Spellcasting
 + Level 1.3 Conjurations
 + Level 3.0 Fire Magic


You had 2 spell levels left.
You knew the following spells:

 Your Spells              Type           Power      Damage    Failure   Level
a - Foxfire               Conj/Fire      32%        2x1d5     9%          1
b - Scorch                Fire           22%        2d6       9%          2

Your spell library contained the following spells:

 Spells                   Type           Power      Damage    Failure   Level
 Conjure Flame            Conj/Fire      8%         6-21      24%         3
 Inner Flame              Hex/Fire       6%         N/A       32%         3
 Flame Wave               Conj/Fire      8%         2d5       63%         4


Dungeon Overview and Level Annotations

Branches:
Dungeon (2/15)

Altars:

Annotations:
D:2 Sigmund


Innate Abilities, Weirdness & Mutations

You have sharp fingernails.


Message History

Sigmund zaps a wand.
The bolt of light hits your foxfire! x2
The bolt of light misses you.
You conjure some foxfire!
A hobgoblin comes into view.
Sigmund zaps a wand.
The bolt of light hits your foxfire! The bolt of light hits you!
You conjure some foxfire!
The foxfire hits Sigmund but does no damage.
You conjure some foxfire!
The foxfire hits Sigmund.
Sigmund is lightly wounded.
The foxfire hits Sigmund.
Sigmund is lightly wounded.
The foxfire hits Sigmund.
Sigmund is moderately wounded.
Magic courses through your body.
The foxfire hits Sigmund.
Sigmund is moderately wounded.
The foxfire hits Sigmund.
Sigmund is heavily wounded.
Sigmund gestures at you while chanting.
You are confused.
You're too confused to cast spells.
Unknown command.
You're too confused to cast spells.
It was a potion of curing.
You feel better.
Sigmund points at you and mumbles some strange words.
The magic dart hits you.
Casting: Foxfire (safe; 9% risk of failure)
Confirm with . or Enter, or press ? or * to list all spells.
You conjure some foxfire!
Sigmund giggles. "Time to reap what you sow."
Sigmund points at you and mumbles some strange words.
You are confused.
You're too confused to cast spells.
The foxfire hits the hobgoblin.
The hobgoblin is moderately wounded.
The foxfire hits the hobgoblin.
The hobgoblin is almost dead.
Sigmund zaps a wand.
The bolt of light hits you!
Ouch! That really hurt!
You die...

#.......! #........
#.......? #........
##...@....
#####.........
#.....g.......
#....ยง@.......
#.............
#.....##########
#..............#
#####..........#
..............#
............)..#######
......................#
######.............##.#


You could see Sigmund and a hobgoblin.

Vanquished Creatures
  3 endoplasms (D:1)
  2 goblins (D:1)
  3 hobgoblins (D:1)
  A quokka (D:1)
  A ball python (D:1)
  3 bats (D:1)
  3 frilled lizards (D:1)
  4 kobolds
  3 rats (D:1)
  4 butterflies (D:1)
27 creatures vanquished.

Vanquished Creatures (collateral kills)
  3 foxfires (D:1)
3 creatures vanquished.

Vanquished Creatures (others)
  126 foxfires
126 creatures vanquished.

Grand Total: 156 creatures vanquished

Notes
Turn   | Place    | Note
-------+----------+-------------------------------------------
     0 | D:1      | DemonSlayer the Demonspawn Fire Elementalist began the
                  | quest for the Orb.
     0 | D:1      | Reached XP level 1. HP: 13/13 MP: 3/3
   385 | D:1      | Reached skill level 3 in Fire Magic
   385 | D:1      | Discovered your monstrous ancestry.
   385 | D:1      | Gained mutation: You have sharp fingernails. [demonic
                  | ancestry]
   385 | D:1      | Reached XP level 2. HP: 19/19 MP: 0/5
   388 | D:1      | Learned a level 2 spell: Scorch
  1364 | D:2      | Noticed Sigmund
  1373 | D:2      | Killed from afar by Sigmund

Illustrated notes

Levels and vault maps discovered:
D:1:      minmay_arrival_semitransparent, layout_rooms, columned_hall_lemuel,
          hangedman_glass_garden
D:2:      layout_basic, uniq_sigmund, uniq_natasha

Skill      XL: |  1 |
---------------+----+-----
Fire Magic     | 3 |  3.0
Fighting       | |  0.1
Dodging        | |  1.9
Stealth        | |  1.8
Spellcasting   | |  2.4
Conjurations   | |  1.3

Action                   || total
-------------------------++-------
Melee: Short sword       ||    10
 Cast: Foxfire           ||    74
  Use: Potion            ||     3
Armor: Robe              ||     3
Dodge: Dodged            ||    13
